 Dungeon Crawl Stone Soup version 0.30-a0-634-g8abc85282e (webtiles) character file.

Game seed: 17421980658380079829

8120 jfcaron the Zephyrmancer (level 11, -10/86 HPs)
             Began as a Yellow Draconian Air Elementalist on Jan 15, 2023.
             Was a Believer of Sif Muna.
             Mangled by a black mamba (14 damage)
             ... on level 1 of the Lair of Beasts.
             The game lasted 00:34:25 (13286 turns).

jfcaron the Zephyrmancer (DrAE)                    Turns: 13286, Time: 00:34:26

Health: -10/86     AC:  8    Str: 11    XL:     11   Next: 5%
Magic:  12/14      EV: 12    Int: 20    God:    Sif Muna [**....]
Gold:   65         SH:  0    Dex: 20    Spells: 4/14 levels left

rFire   . . .      SeeInvis .    G - +9 morningstar of Impatience {flame, Dex+3}
rCold   . . .      Faith    .    (no shield)
rNeg    + . .      Spirit   .    (body armour unavailable)
rPois   .          Reflect  .    (helmet restricted)
rElec   .          Harm     .    M - +0 cloak
rCorr   +          Rampage  .    (no gloves)
Will    .....                    (no boots)
Stlth   ++                       C - amulet of magic regeneration
HPRegen 0.34/turn                y - +6 ring of dexterity
MPRegen 0.54/turn                B - ring of positive energy

@: short of breath
A: spit acid, AC +7, unfitting armour, cold-blooded, acid resistance
a: Breathe Acid, Renounce Religion, Channel Magic


You were on level 1 of the Lair of Beasts.
You worshipped Sif Muna.
Sif Muna was pleased with you.
You visited 3 branches of the dungeon, and saw 11 of its levels.

You collected 461 gold pieces.
You spent 396 gold pieces at shops.

Inventory:

Hand Weapons
 h - a +0 mace of holy wrath
   (You found it on level 1 of the Dungeon)
 n - a +1 dagger of venom
   (You took it off an orc wizard on level 8 of the Dungeon)
 G - the +9 morningstar of Impatience (weapon) {flame, Dex+3}
   (You found it on level 6 of the Dungeon)

   Dex:       It affects your dexterity (+3).
 I - a +3 demon blade of freezing
   (You found it on level 7 of the Dungeon)
Missiles
 d - 3 throwing nets {!f}
 g - 14 poisoned darts
 q - a curare-tipped dart {!f}
 O - 3 atropa-tipped darts {!f}
Armour
 M - a +0 cloak (worn)
Magical Staves
 w - a staff of cold
   (You found it on level 4 of the Dungeon)
 F - a staff of poison
   (You found it on level 6 of the Dungeon)
Jewellery
 y - a +6 ring of dexterity (left hand)
   (You found it on level 5 of the Dungeon)
 A - an amulet of the acrobat
   (You found it on level 5 of the Dungeon)
 B - a ring of positive energy (right hand)
 C - an amulet of magic regeneration (around neck)
   (You found it on level 5 of the Dungeon)
 L - an amulet of regeneration
   (You found it on level 7 of the Dungeon)
Wands
 a - a wand of digging (1)
 p - a wand of light (4)
 r - a wand of polymorph (5)
 z - a wand of iceblast (24)
   (You found it on level 7 of the Dungeon)
 E - a wand of charming (17)
   (You found it on level 6 of the Dungeon)
Scrolls
 f - 3 scrolls of fog
 j - 3 scrolls of vulnerability
 l - 3 scrolls of teleportation
 o - 2 scrolls of enchant weapon
 t - a scroll of enchant armour
 x - a scroll of poison
 J - 3 scrolls of amnesia {unknown}
 N - a scroll of immolation
 P - a scroll of silence
Potions
 c - a potion of flight {unknown}
 e - 2 potions of resistance
 i - 4 potions of heal wounds
 k - 8 potions of mutation
 m - 3 potions of might
 s - 2 potions of berserk rage
 u - 3 potions of curing
 v - 2 potions of haste {unknown}
 D - a potion of ambrosia {unknown}
 H - a potion of cancellation {unknown}
 K - a potion of lignification {unknown}
 Q - a potion of attraction
 R - a potion of magic


   Skills:
 - Level 5.0 Fighting
 - Level 2.0 Dodging
 - Level 2.0 Stealth
 - Level 2.0 Spellcasting
 - Level 8.5 Conjurations
 + Level 14.3 Air Magic


You had 4 spell levels left.
You knew the following spells:

 Your Spells              Type           Power      Damage    Failure   Level
a - Shock                 Conj/Air       100%       1d9       1%          1
b - Static Discharge      Conj/Air       94%        2-6/arc   1%          2
c - Swiftness             Air            56%        N/A       1%          3
d - Airstrike             Air            28%        2d(4-20)  1%          4

Your spell library contained the following spells:

 Spells                   Type           Power      Damage    Failure   Level
 Stone Arrow              Conj/Erth      38%        3d9       9%          3
 Apportation              Tloc           4%         N/A       16%         1
 Necrotise                Necr           8%         1d4       16%         1
 Summon Small Mammal      Summ           8%         N/A       16%         1
 Tukima's Dance           Hex            2%         N/A       43%         3
 Passage of Golubria      Tloc           2%         N/A       83%         4
 Yara's Violent Unravell  Hex/Tmut       1%         3d3       99%         5
 Lehudib's Crystal Spear  Conj/Erth      9%         10d4      100%        8
 Animate Armour           Summ/Erth      Unusable   N/A       N/A         4

Dungeon Overview and Level Annotations

Branches:
Dungeon (9/15)             Temple (1/1) D:7            Lair (1/5) D:9
    Orc (0/2) D:9

Altars:
Ashenzari
Cheibriados
Dithmenos
Elyvilon
Fedhas
Gozag
Hepliaklqana
Kikubaaqudgha
Makhleb
Nemelex Xobeh
Okawaru
Qazlal
Ru
Sif Muna
Trog
Uskayaw
Vehumet
Wu Jian
Xom
Yredelemnul
Zin
The Shining One

Shops:
D:2 !


Innate Abilities, Weirdness & Mutations

You can spit globs of acid.
Your golden yellow scales are hard. (AC +7)
You cannot fit into any form of body armour.
You are cold-blooded and may be slowed by cold attacks.
You are resistant to acid. (rCorr)


Message History

The black mamba is moderately wounded.
The black mamba bites you!
The water moccasin bites you but does no damage.
The black mamba bites you!
Casting: Shock (safe; 1% risk of failure)
Confirm with . or Enter, or press ? or * to list all spells.
Okay, then.
The water moccasin attacks as you move away!
The water moccasin bites you but does no damage.
The black mamba attacks as you move away!
The black mamba bites you but does no damage.
Casting: Shock (safe; 1% risk of failure)
Confirm with . or Enter, or press ? or * to list all spells.
Aiming: Shock (safe; 1% risk of failure)
Press: ? - help, Shift-Dir - straight line The zap hits the black mamba!
The black mamba is heavily wounded.
The zap hits the black mamba!
The black mamba is severely wounded.
The black mamba bites you! x2
Casting: Shock (safe; 1% risk of failure)
Confirm with . or Enter, or press ? or * to list all spells.
Aiming: Shock (safe; 1% risk of failure)
Press: ? - help, Shift-Dir - straight line The zap hits the black mamba.
The black mamba is severely wounded.
The zap misses the black mamba.
The black mamba bites you but does no damage.
The black mamba bites you!
* * * LOW HITPOINT WARNING * * *
Casting: Shock (safe; 1% risk of failure)
Confirm with . or Enter, or press ? or * to list all spells.
Aiming: Shock (safe; 1% risk of failure)
Press: ? - help, Shift-Dir - straight line The zap misses the black mamba.
The zap hits the black mamba!
The black mamba is almost dead.
The black mamba bites you!
* * * LOW HITPOINT WARNING * * *
The black mamba bites you!
You die...

### ##### ###.###
#....
####..^#.###..##
#..............#
#####...#...##...##
#.<.#...###.......#
#.#.....# ..##...##
#....#..#.P######.#
##@##.....# ##
###S##..#..#
#P.S#...#.##
##........##
###.........
#...........
#..#........
##.#........
#.##.......


You could see a black mamba (corroded) and a water moccasin.

Vanquished Creatures
  A two-headed ogre (D:8)
  Pikel (D:4)
  3 blink frogs (Lair:1)
  2 hornets
  Sigmund (D:3)
  A shadow (D:9)
  3 hogs (D:7)
  A human (D:7)
  7 yaks
  2 steam dragons
  2 acid dragons
  A water moccasin (D:7)
  Duvessa (D:4)
  3 orc warriors
  An ice beast (D:7)
  2 black bears
  3 ogres
  A centaur (D:8)
  3 phantoms
  2 kobold brigands (D:7)
  A lemure (D:4)
  2 bullfrogs
  A necrophage (D:4)
  4 scorpions
  10 wights
  Dowan (D:4)
  8 killer bees (D:8)
  A howler monkey (D:5)
  3 hounds
  6 orc priests
  Crazy Yiuf (D:7)
  Ijyb (D:3)
  Jessica (D:3)
  Terence (D:2)
  Natasha (thrice) (D:3)
  2 iguanas (D:5)
  7 orc wizards
  11 adders
  4 gnolls (D:7)
  A shadow imp (D:8)
  2 white imps
  2 worms (D:2)
  4 dart slugs
  23 orcs
  5 ball pythons
  3 endoplasms
  3 giant cockroaches
  6 goblins
  4 hobgoblins
  2 jackals (D:3)
  16 kobolds
  3 quokkas
  2 frilled lizards
  3 rats
  12 fungi
  9 plants
209 creatures vanquished.

Notes
Turn   | Place    | Note
-------+----------+-------------------------------------------
     0 | D:1      | jfcaron the Draconian Air Elementalist began the quest for
                  | the Orb.
     0 | D:1      | Reached XP level 1. HP: 14/14 MP: 3/3
  1032 | D:2      | Reached XP level 2. HP: 20/20 MP: 3/5
  1035 | D:2      | Learned a level 2 spell: Static Discharge
  1337 | D:2      | Reached XP level 3. HP: 18/26 MP: 0/6
  1530 | D:2      | Found Pecuph's Distillery.
  1703 | D:2      | Noticed Terence
  1950 | D:2      | Bought a potion of curing for 36 gold pieces
  2439 | D:3      | Noticed Jessica
  2491 | D:3      | Killed Jessica
  2492 | D:3      | Reached skill level 4 in Air Magic
  2492 | D:3      | Reached XP level 4. HP: 24/33 MP: 3/7
  2543 | D:3      | Found a broken altar of Ashenzari.
  2563 | D:3      | Learned a level 3 spell: Swiftness
  2629 | D:3      | Noticed Ijyb
  2638 | D:3      | Noticed Natasha
  2649 | D:3      | Killed Ijyb
  2650 | D:3      | Killed Natasha
  2651 | D:3      | Reached XP level 5. HP: 31/38 MP: 3/8
  2736 | D:3      | Noticed Sigmund
  2878 | D:3      | Killed Sigmund
  2879 | D:3      | Reached XP level 6. HP: 28/45 MP: 3/9
  3030 | D:3      | Found a stormy altar of Qazlal.
  3048 | D:3      | Identified the +1 robe of Anarchy {*Slow rElec Will+ rCorr
                  | Dex+3}
  3234 | D:3      | Noticed Natasha
  3242 | D:3      | Killed Natasha
  3243 | D:3      | Reached skill level 5 in Air Magic
  3270 | D:3      | Killed Natasha
  3857 | D:3      | Found a stormy altar of Qazlal.
  4100 | D:3      | Found a broken altar of Ashenzari.
  4225 | D:4      | Reached skill level 5 in Conjurations
  4346 | D:2      | Bought a potion of heal wounds for 60 gold pieces
  4346 | D:2      | Bought a potion of degeneration for 12 gold pieces
  4517 | D:4      | Found an ornate altar of the Wu Jian Council.
  4530 | D:4      | Found a radiant altar of Vehumet.
  4542 | D:4      | Your scales start taking on a golden yellow colour.
  4542 | D:4      | Reached XP level 7. HP: 50/50 MP: 6/10
  4542 | D:4      | Gained mutation: You are resistant to acid. (rCorr) [Yellow
                  | Draconian growth]
  4590 | D:4      | Noticed Pikel
  4615 | D:4      | Killed Pikel
  4616 | D:4      | Reached skill level 6 in Air Magic
  4616 | D:4      | Reached XP level 8. HP: 23/57 MP: 2/11
  4891 | D:4      | Found a shimmering altar of Xom.
  4979 | D:4      | Reached skill level 7 in Air Magic
  5046 | D:4      | Noticed Duvessa
  5046 | D:4      | Noticed Dowan
  5055 | D:4      | Killed Dowan
  5093 | D:4      | HP: 11/57 [Duvessa/+0 short sword (10)]
  5097 | D:4      | Killed Duvessa
  5661 | D:2      | Killed Terence
  5723 | D:5      | Entered Level 5 of the Dungeon
  6133 | D:5      | Reached skill level 8 in Air Magic
  6246 | D:5      | Learned a level 4 spell: Airstrike
  6334 | D:5      | Found a blossoming altar of Fedhas.
  7220 | D:5      | Reached XP level 9. HP: 63/63 MP: 10/12
  7329 | D:5      | Reached skill level 1 in Fighting
  7765 | D:2      | Bought a potion of heal wounds for 60 gold pieces
  7938 | D:6      | Reached skill level 9 in Air Magic
  8065 | D:6      | Found an ancient bone altar of Kikubaaqudgha.
  8159 | D:6      | Identified the +9 morningstar of Impatience {flame, Dex+3}
  9031 | D:7      | Found a staircase to the Ecumenical Temple.
  9050 | Temple   | Entered the Ecumenical Temple
  9411 | Temple   | Became a worshipper of Sif Muna the Loreminder
  9873 | D:7      | Reached skill level 5 in Fighting
  9879 | D:7      | Reached skill level 10 in Air Magic
  9958 | D:7      | Reached skill level 11 in Air Magic
  9959 | D:7      | Reached XP level 10. HP: 50/81 MP: 9/13
 10077 | D:7      | Found an iron altar of Okawaru.
 10200 | D:7      | Found a runed translucent door.
 10201 | D:7      | Noticed Crazy Yiuf
 10208 | D:7      | Killed Crazy Yiuf
 10456 | D:8      | Reached * piety under Sif Muna
 10556 | D:8      | Noticed a two-headed ogre
 10560 | D:8      | Killed a two-headed ogre
 10561 | D:8      | Reached skill level 12 in Air Magic
 11037 | D:8      | Reached skill level 13 in Air Magic
 11687 | D:9      | Reached ** piety under Sif Muna
 12075 | D:9      | Found a sacrificial altar of Ru.
 12115 | D:9      | Found a staircase to the Lair.
 12136 | D:9      | Reached skill level 14 in Air Magic
 12404 | D:2      | Bought a potion of attraction for 36 gold pieces
 12404 | D:2      | Bought a potion of mutation for 96 gold pieces
 12404 | D:2      | Bought a potion of magic for 96 gold pieces
 12620 | D:9      | Found a staircase to the Orcish Mines.
 13042 | Lair:1   | Entered Level 1 of the Lair of Beasts
 13085 | Lair:1   | Reached XP level 11. HP: 26/86 MP: 7/14
 13285 | Lair:1   | HP: 17/86 [black mamba (13)]
 13286 | Lair:1   | HP: 4/86 [black mamba (13)]
 13286 | Lair:1   | Mangled by a black mamba

Illustrated notes

Levels and vault maps discovered:
D:1:      shiori_arrival_elements, layout_basic
D:2:      layout_loops_cross, serial_shops, shop, minmay_misc_feat_alley,
          uniq_terence
D:3:      layout_basic, evilmike_ruin_ashenzari, grunt_qazlal_clouds, hex_large,
          uniq_jessica, uniq_natasha, uniq_ijyb, uniq_sigmund
D:4:      layout_rooms, mainiacjoe_overflow_small_starburst,
          nicolae_wu_jian_wuxing_cycle, xom_teletrap_fun,
          kennysheep_small_circle, uniq_pikel, uniq_duvessa
D:5:      layout_loops_corners, lemuel_tele_altar, minmay_tree_intersection
D:6:      layout_cave_pools, kennysheep_mini_moat, minmay_misc_feat_room
D:7:      layout_rooms, okawaru_altar_gauntlet_db, minmay_temple_entry_waves,
          grunt_livestock, uniq_crazy_yiuf_cottage
D:8:      layout_rooms, abandoned_shop, eino_jars
D:9:      layout_basic, lemuel_coloured_pillars_altar,
          grunt_lair_entry_orc_guard_hut, orc_0_dummy
Temple:   oiseaux_autumnal_temple
Lair:1:   layout_loops_ring, gammafunk_ghost_berserking_beasts,
          nicolae_lair_lil_pond, columned_hall_lemuel, st_stairs_10,
          nzn_sisyphean_effort

Skill      XL: |  1  2  3  4  5  6  7  8  9 10 |
---------------+-------------------------------+-----
Stealth        | 2 |  2.0
Dodging        | 2 |  2.0
Conjurations   | 2 3 4 5 6 8 |  8.5
Air Magic      | 4 5 6 8 11 14 | 14.3
Fighting       | 5 |  5.0
Spellcasting   | |  2.0

Action                   |  1- 3 |  4- 6 |  7- 9 | 10-12 || total
-------------------------+-------+-------+-------+-------++-------
Melee: Unarmed           |     2 |       |       |       ||     2
       Short sword       |    16 |       |       |       ||    16
       Tailslap          |     2 |       |       |       ||     2
       Club              |       |     6 |    10 |       ||    16
       Morningstar       |       |       |     2 |    10 ||    12
Throw: Dart              |       |       |       |     1 ||     1
 Cast: Shock             |    67 |    54 |   199 |   114 ||   434
       Static Discharge  |     2 |     3 |    37 |    23 ||    65
       Airstrike         |       |       |     2 |    27 ||    29
 Abil: Breathe Acid      |       |       |     6 |     6 ||    12
  Use: Potion            |       |     2 |     1 |       ||     3
       Scroll            |       |     7 |     5 |     2 ||    14
Armor: Skin              |     4 |     7 |    37 |    22 ||    70
Dodge: Dodged            |    29 |    18 |    68 |    51 ||   166

Table legend: (Time is in decaauts)
 A = Elapsed time spent in this place.
 B = Non-inter-level travel time spent in this place.
 C = Inter-level travel time spent in this place.
 D = Time resting spent in this place.
 E = Time spent auto-exploring this place.
 F = Levels seen in this place.
 G = Mean time per level.
                   A        B        C        D        E       F      G
               +--------+--------+--------+--------+--------+-----+--------+
         Total |  13333 |  11761 |   1572 |   4047 |   6049 |  11 | 1212.1 |
       Dungeon |  12691 |  11167 |   1524 |   3884 |   5669 |   9 | 1410.1 |
        Temple |    398 |    360 |     38 |      0 |    345 |   1 |  398.0 |
          Lair |    244 |    235 |      9 |    163 |     35 |   1 |  244.0 |
               +--------+--------+--------+--------+--------+-----+--------+

Top non-repeatable levels by time:
     D:5: 2171 daAuts
     D:3: 1995 daAuts
     D:2: 1912 daAuts
     D:7: 1468 daAuts
     D:8: 1289 daAuts
     D:4: 1230 daAuts
     D:9: 1171 daAuts
     D:1: 931 daAuts
     D:6: 520 daAuts
  Temple: 398 daAuts
  Lair:1: 244 daAuts

Table legend:
 A = Kills in this place as a percentage of kills in entire the game.
 B = Kills by you in this place as a percentage of kills by you in the entire game.
 C = Kills by friends in this place as a percentage of kills by friends in the entire game.
 D = Other kills in this place as a percentage of other kills in the entire game.
 E = Experience gained in this place as a percentage of experience gained in the entire game.
 F = Experience gained in this place divided by the number of levels of this place that you have seen.
                   A       B       C       D       E      F
               +-------+-------+-------+-------+-------+----------------------
         Total | 100.0 | 100.0 |   N/A |   N/A | 100.0 | 1054.5
       Dungeon |  98.4 |  98.4 |   N/A |   N/A |  92.9 | 1197.0
          Lair |   1.6 |   1.6 |   N/A |   N/A |   7.1 | 827.0
               +-------+-------+-------+-------+-------+----------------------
